 Dungeon Crawl Stone Soup version 0.30.1-11-g7821555f0a (webtiles) character file.

Game seed: 9769227618841204629

11163 Dillybarz the Cleaver (level 11, 0/100 HPs)
             Began as a Minotaur Fighter on Dec 11, 2023.
             Was a Priest of Okawaru.
             Succumbed to Sonja's curare-tipped dart
             ... on level 11 of the Dungeon on Dec 21, 2023.
             The game lasted 00:34:31 (8903 turns).

Dillybarz the Cleaver (Minotaur Fighter)            Turns: 8903, Time: 00:34:32

Health: 0/100      AC: 18    Str: 30    XL:     11   Next: 45%
Magic:  12/12      EV:  7    Int:  2    God:    Okawaru [***...]
Gold:   1635       SH: 12    Dex: 11    Spells: 10/10 levels left

rFire   + . .        a - +1 war axe (freeze)
rCold   . . .        f - +1 kite shield {rN+}
rNeg    + . .        y - +0 plate armour
rPois   .            (helmet restricted)
rElec   +            o - +0 cloak of the Land of Plenty {rF+ Will+ Str+3}
rCorr   .            i - +1 pair of gloves
SInv    +            (no boots)
Will    ++...        (no amulet) Stlth
                     C - ring of Kyisut {rElec Will+ Str+5 Int-5 SInv}
HPRegen 0.36/turn    (no ring)
MPRegen 0.13/turn

%: no passive effects
@: lethally poisoned (0 -> -14), slowed, very slow
A: horns 2, retaliatory headbutt
a: Renounce Religion, Heroism


You were on level 11 of the Dungeon.
You worshipped Okawaru.
Okawaru was most pleased with you.
You visited 2 branches of the dungeon, and saw 12 of its levels.
You also visited: Ossuary.

You collected 1635 gold pieces.

Inventory:

Hand Weapons
 a - a +1 war axe of freezing (weapon)
Missiles
 h - 88 stones
 v - 5 silver javelins
 x - 4 boomerangs
 B - 4 throwing nets
 F - 14 poisoned darts (quivered)
 G - 5 curare-tipped darts
Armour
 f - a +1 kite shield of positive energy (worn)
 i - a +1 pair of gloves (worn)
 l - a scarf of repulsion
 o - the +0 cloak of the Land of Plenty (worn) {rF+ Will+ Str+3}
   (You found it on level 2 of the Dungeon)

   Str:       It affects your strength (+3).
   rF:        It protects you from fire.
   Will:      It increases your willpower.
 y - a +0 plate armour (worn)
Jewellery
 g - a ring of resist corrosion
 C - the ring of Kyisut (left hand) {rElec Will+ Str+5 Int-5 SInv}
   (You found it in an ossuary)

   [ring of see invisible]

   Str:       It affects your strength (+5).
   Int:       It affects your intelligence (-5).
   rElec:     It insulates you from electricity.
   SInv:      It lets you see invisible.
   Will:      It increases your willpower.
Wands
 j - a wand of digging (4)
 q - a wand of polymorph (10)
 L - a wand of iceblast (3)
Scrolls
 b - 2 scrolls of blinking
 m - 3 scrolls of enchant weapon
 p - 5 scrolls of teleportation
 s - a scroll of poison
 A - 3 scrolls of fear
 D - 2 scrolls of butterflies
 M - a scroll of fog {unknown}
Potions
 c - 4 potions of flight
 d - 2 potions of might
 e - 6 potions of lignification
 k - 2 potions of magic
 n - 6 potions of ambrosia
 r - 6 potions of heal wounds
 t - 4 potions of cancellation
 u - 11 potions of curing
 w - a potion of berserk rage
 z - a potion of invisibility
 E - 3 potions of brilliance
 I - a potion of mutation
 K - 2 potions of haste {unknown}


   Skills:
 + Level 10.3 Fighting
 * Level 13.6 Axes
 + Level 10.3 Armour
 + Level 10.3 Shields
 + Level 3.3 Invocations


You had 10 spell levels left.
You didn't know any spells.
Your spell library contained the following spells:

 Spells                   Type           Power      Damage    Failure   Level
 Necrotise                Necr           0%         1d4       100%        1
 Slow                     Hex            0%         N/A       100%        1
 Cigotuvi's Dreadful Rot  Necr/Pois/Air  0%         N/A       100%        2
 Lesser Beckoning         Tloc           0%         N/A       100%        2
 Confusing Touch          Hex            0%         N/A       100%        3
 Gell's Gravitas          Tloc           0%         N/A       100%        3
 Ignite Poison            Fire/Tmut/Pois 0%         N/A       100%        3
 Inner Flame              Hex/Fire       0%         N/A       100%        3
 Teleport Other           Tloc           0%         N/A       100%        3
 Vampiric Draining        Necr           0%         2d6       100%        3
 Vhi's Electric Charge    Tloc/Air       0%         N/A       100%        3
 Dispel Undead            Necr           0%         3d6       100%        4
 Passage of Golubria      Tloc           0%         N/A       100%        4
 Agony                    Necr           0%         N/A       100%        5
 Arcjolt                  Conj/Air       0%         1d10      100%        5
 Freezing Cloud           Conj/Ice/Air   0%         6-21      100%        5
 Yara's Violent Unravell  Hex/Tmut       0%         3d3       100%        5
 Plasma Beam              Fire/Air       0%         2x1d11    100%        6
 Enfeeble                 Hex            0%         N/A       100%        7
 Tukima's Dance           Hex            Unusable   N/A       N/A         3
 Death Channel            Necr           Unusable   N/A       N/A         6

Dungeon Overview and Level Annotations

Branches:
Dungeon (11/15)            Temple (1/1) D:7         Ossuary (visited)
   Lair: D:8-11         Orc: D:9-12

Altars:
Ashenzari
Cheibriados
Dithmenos
Elyvilon
Fedhas
Gozag
Hepliaklqana
Kikubaaqudgha
Makhleb
Nemelex Xobeh
Okawaru
Qazlal
Ru
Sif Muna
Trog
Uskayaw
Vehumet
Wu Jian
Xom
Yredelemnul
Zin
The Shining One
Lugonu

Shops:
D:4 *

Annotations:
D:11 Sonja


Innate Abilities, Weirdness & Mutations

You have a pair of horns on your head.
You reflexively headbutt those who attack you in melee.


Message History

Space warps around you.
You closely miss Sonja. Your headbutt misses Sonja.
Sonja is almost dead.
You block Sonja's attack. Sonja hits you but does no damage.
You blink.
Sonja shouts, "Some dancing partner you are!"
Sonja casts a spell.
Sonja blinks!
Sonja mumbles some strange words.
Sonja blinks!
Sonja mumbles some strange words.
Sonja blinks!
Sonja throws a curare-tipped dart.
The curare-tipped dart hits you.
You are poisoned.
You have difficulty breathing.
You feel yourself slow down.
Sonja throws a curare-tipped dart.
You block the curare-tipped dart.
You feel like a meek peon again.
You feel very sick.
Sonja shouts, "Some dancing partner you are!"
Sonja mumbles some strange words.
Sonja blinks!
You feel very sick.
Sonja casts a spell.
Sonja blinks!
You feel sick.
Sonja throws a curare-tipped dart.
The curare-tipped dart hits you.
You are more poisoned.
You have difficulty breathing.
* * * LOW HITPOINT WARNING * * *
You feel as though you will be slow longer.
You feel very sick.
Sonja throws a curare-tipped dart.
The curare-tipped dart hits you.
You are lethally poisoned!
You have difficulty breathing.
* * * LOW HITPOINT WARNING * * *
You feel as though you will be slow longer.
* * * LOW HITPOINT WARNING * * *
You feel extremely sick.
Sonja throws a curare-tipped dart.
The curare-tipped dart closely misses you.
You die...

###############.
#.......<..)....
#.##...@........
#. #............
#.##.........#..
#...............
#...............
#.........######
#.........#
#.....K...#
#.........#


You could see Sonja.

Vanquished Creatures
  Erolcha (D:10)
  Pikel (D:9)
  An ugly thing (D:10)
  Joseph (D:7)
  3 kobold demonologists (D:10)
  Prince Ribbit (D:7)
  A wraith (D:10)
  A wyvern (D:8)
  A shadow (D:6)
  6 yaks (D:8)
  2 water moccasins (D:6)
  5 orc warriors
  3 sky beasts (D:7)
  4 centaurs
  An ogre (D:4)
  A phantom (D:5)
  A kobold brigand (D:7)
  A bullfrog (D:8)
  14 scorpions
  2 gnoll sergeants
  3 killer bees (D:9)
  4 electric eels (D:10)
  4 crimson imps (D:4)
  13 centaur zombies
  A jelly (D:6)
  7 hounds
  Crazy Yiuf (D:2)
  4 orc priests
  7 human zombies (Ossuary)
  A sleepcap (D:5)
  3 iguanas
  13 orc wizards
  3 scorpion zombies (Ossuary)
  3 mummies (Ossuary)
  10 gnolls
  3 adders
  A white imp (D:6)
  3 ufetubi
  A worm (D:2)
  3 dart slugs
  39 orcs
  13 ball pythons
  7 endoplasms
  4 giant cockroaches
  3 gnoll zombies (Ossuary)
  5 hobgoblins
  7 jackals
  A quokka (D:4)
  4 bats
  6 frilled lizards
  6 goblins
  2 goblin zombies (Ossuary)
  A hobgoblin zombie (Ossuary)
  12 kobolds
  3 kobold zombies (Ossuary)
  3 orc zombies (Ossuary)
  4 rats
259 creatures vanquished.

Notes
Turn   | Place    | Note
-------+----------+-------------------------------------------
     0 | D:1      | Dillybarz the Minotaur Fighter began the quest for the Orb.
     0 | D:1      | Reached XP level 1. HP: 19/19 MP: 0/0
    57 | D:1      | You fall into a shaft and drop 1 floor!
   172 | D:1      | Reached XP level 2. HP: 16/27 MP: 1/1
   267 | D:1      | Reached skill level 3 in Axes
   969 | D:2      | Reached XP level 3. HP: 33/33 MP: 2/2
  1067 | D:2      | Identified the +0 cloak of the Land of Plenty {rF+ Will+
                  | Str+3}
  1270 | D:2      | Found a runed translucent door.
  1271 | D:2      | Noticed Crazy Yiuf
  1276 | D:2      | Killed Crazy Yiuf
  1277 | D:2      | Reached XP level 4. HP: 33/40 MP: 3/3
  1596 | D:3      | Reached skill level 4 in Axes
  1658 | D:3      | Noticed a scorpion
  1666 | D:3      | Killed a scorpion
  1667 | D:3      | Reached XP level 5. HP: 31/47 MP: 4/4
  2002 | D:3      | Found a sacrificial altar of Ru.
  2006 | D:3      | Reached skill level 5 in Axes
  2446 | D:4      | Identified 2 scrolls of acquirement
  2446 | D:4      | Acquired a +1 kite shield of positive energy
  2458 | D:4      | Acquired 1066 gold pieces
  2459 | D:4      | Found Xuafil's Assorted Antiques.
  2561 | D:4      | Reached XP level 6. HP: 55/55 MP: 5/5
  2706 | D:4      | Identified the +3 dagger of Tension {protect, Fragile Fly
                  | rF++ rCorr}
  2798 | D:4      | Reached skill level 5 in Fighting
  2798 | D:4      | Reached skill level 5 in Armour
  2798 | D:4      | Reached skill level 5 in Shields
  3154 | D:4      | Found a shimmering altar of Xom.
  3182 | D:4      | Reached skill level 6 in Axes
  3317 | D:4      | Reached XP level 7. HP: 46/61 MP: 6/6
  3454 | D:5      | Entered Level 5 of the Dungeon
  4333 | D:5      | Reached skill level 7 in Axes
  4453 | D:6      | Found a sand-covered staircase.
  4462 | Ossuary  | Entered an ossuary
  4508 | Ossuary  | Reached XP level 8. HP: 67/70 MP: 7/7
  4561 | Ossuary  | Reached skill level 8 in Axes
  4685 | Ossuary  | Identified the ring of Kyisut {rElec Will+ Str+5 Int-5
                  | SInv}
  4820 | Ossuary  | Reached skill level 9 in Axes
  4834 | Ossuary  | Reached XP level 9. HP: 79/79 MP: 8/8
  5244 | D:6      | Reached skill level 10 in Axes
  5347 | D:7      | Found a staircase to the Ecumenical Temple.
  5355 | Temple   | Entered the Ecumenical Temple
  5540 | D:7      | Noticed Prince Ribbit
  5547 | D:7      | Killed Prince Ribbit
  5878 | D:7      | Noticed Joseph
  5894 | D:7      | Killed Joseph
  5910 | D:7      | Reached skill level 11 in Axes
  6057 | D:7      | Found a hazy altar of Hepliaklqana.
  6060 | D:7      | Found a blossoming altar of Fedhas.
  6065 | D:7      | Found a sparkling altar of Nemelex Xobeh.
  6066 | D:7      | Found a white marble altar of Elyvilon.
  6068 | D:7      | Found an iron altar of Okawaru.
  6069 | D:7      | Found an ornate altar of the Wu Jian Council.
  6073 | D:7      | Found an opulent altar of Gozag.
  6077 | D:7      | Found a shimmering blue altar of Sif Muna.
  6079 | D:7      | Became a worshipper of Warmaster Okawaru
  6337 | D:8      | Reached XP level 10. HP: 89/90 MP: 9/9
  6696 | D:8      | Reached * piety under Okawaru
  6957 | D:9      | Noticed Pikel
  6968 | D:9      | Killed Pikel
  6969 | D:9      | Reached skill level 12 in Axes
  7047 | D:9      | Reached ** piety under Okawaru
  7537 | D:10     | Entered Level 10 of the Dungeon
  7559 | D:10     | Reached skill level 1 in Invocations
  7633 | D:10     | Reached *** piety under Okawaru
  7634 | D:10     | Reached XP level 11. HP: 81/99 MP: 11/11
  7718 | D:10     | Reached skill level 13 in Axes
  7776 | D:10     | Noticed Erolcha
  7779 | D:10     | Noticed a purple ugly thing
  7791 | D:10     | Killed a purple ugly thing
  7796 | D:10     | Killed Erolcha
  7797 | D:10     | Reached skill level 10 in Fighting
  7797 | D:10     | Reached skill level 10 in Armour
  7797 | D:10     | Reached skill level 10 in Shields
  7997 | D:10     | Found a corrupted altar of Lugonu.
  8009 | D:10     | Noticed a sixfirhy
  8686 | D:10     | Reached **** piety under Okawaru
  8690 | D:10     | Received a gift from Okawaru
  8876 | D:11     | Noticed Sonja
  8902 | D:11     | HP: 5/100 [poisoned by Sonja (curare-tipped dart)]
  8903 | D:11     | Succumbed to Sonja's curare-tipped dart

Illustrated notes

Levels and vault maps discovered:
D:1:      dpeg_arrival_rhombus, layout_basic
D:2:      layout_loops_ring, serial_bayou_pond_b, uniq_crazy_yiuf_cottage
D:3:      minmay_wonky_spiral, layout_basic, nicolae_ru_great_annihilating_truth
D:4:      layout_cave_pods, led_xom_imps, serial_shops, shop, grunt_ministairs_2
D:5:      layout_cave_pods, minmay_misc_feat_room
D:6:      layout_rooms, lightli_ossuary_entry_decrepit_ruins,
          kennysheep_crisscross
D:7:      layout_loops_ring, nicolae_overflow_hallway_of_the_gods,
          minmay_temple_entry_large_hall, uniq_prince_ribbit1, uniq_joseph
D:8:      hellmonk_destroyed_diamonds, layout_rooms
D:9:      layout_loops_ring, uniq_pikel
D:10:     kennysheep_kobold_lugonu_temple, layout_basic, serial_undead,
          serial_undead_a, serial_undead_d, serial_undead_c, serial_undead_b,
          mrwooster_statue_mirror, uniq_erolcha
D:11:     layout_stronghold, hellmonk_lair_entry_icy, serial_shops,
          nicolae_shop_trees, jiyva_altar_1, uniq_sonja
Temple:   nicolae_temple_bog_church

Skill      XL: |  1  2  3  4  5  6  7  8  9 10 11 |
---------------+----------------------------------+-----
Axes           | 3 4 5 6 7 9 11 12 13 | 13.6
Armour         | 4 5 6 7 8 9 10 | 10.3
Fighting       | 4 5 6 7 8 9 10 | 10.3
Shields        | 4 5 6 7 8 9 10 | 10.3
Invocations    | 1 3 |  3.3

Action                     |  1- 3 |  4- 6 |  7- 9 | 10-12 || total
---------------------------+-------+-------+-------+-------++-------
  Melee: War axe           |    69 |   107 |   282 |   194 ||   652
         Headbutt          |     4 |    10 |    54 |    34 ||   102
 Invoke: Heroism           |       |       |       |     3 ||     3
    Use: Scroll            |       |     4 |    19 |     2 ||    25
   Stab: Paralysed         |       |     2 |       |       ||     2
 Armour: Scale mail        |    30 |    25 |       |       ||    55
         Chain mail        |       |    21 |    36 |       ||    57
         Plate armour      |       |       |   157 |   145 ||   302
  Dodge: Dodged            |    33 |    34 |    90 |    60 ||   217
  Block: Buckler           |    12 |    11 |       |       ||    23
         Kite shield       |       |    21 |   178 |   138 ||   337
